AoeStats
← Enishi

Arena

509111532Analyzed
2v2 RM · 8d ago on Sep 25, 2026· 44m 50s· 4 players
Game mode
Random Map
Map size
Medium (4 player)
Population
200
Speed
Normal
Resources
Standard
Victory
Conquest
Starting age
Dark Age
Ending age
Imperial Age
RankedLock teamsTeams togetherTeam positionsShared explorationLock speedFull tech treeHidden civsTurbo modeCheats
Victory
Defeat
🇨🇳 Poles · China
829
+12
🇹🇷 Britons · Türkiye
828
+13
🇦🇷 Teutons · Argentina
757
-13
🇬🇧 Bohemians · United Kingdom
750
-12
大哈巴犬
4:57 Loom
11:29 Feudal Age
15:25 Castle Age
15:45 Double-Bit Axe
19:38 Husbandry
20:17 Bloodlines
22:18 Bow Saw
22:38 Fletching
26:44 Horse Collar
27:58 Heavy Plow
32:08 Imperial Age
30:02 Bodkin Arrow
29:57 Light Cavalry
32:04 Squires
33:11 Conscription
33:29 Scale Mail Armor
35:56 Forging
37:22 Wheelbarrow
36:31 Heavy Mounted Crossbowman
37:55 Thumb Ring
38:16 Ballistics
38:59 Chemistry
39:34 Bracer
39:35 Padded Archer Armor
42:02 Leather Archer Armor
42:31 Winged Hussar
43:24 Scale Barding Armor
43:55 Iron Casting
43:56 Hand Cart
44:15 Ballistics
44:01 Siege Engineers
you son of a bitch im in!
5:25 Loom
10:53 Feudal Age
11:54 Double-Bit Axe
18:37 Castle Age
16:34 Stone Mining
23:58 Bow Saw
24:04 Fletching
24:16 Padded Archer Armor
27:56 Wheelbarrow
29:59 Gold Mining
32:05 Man-at-Arms
32:51 Scale Mail Armor
33:02 Forging
33:14 Gambesons
32:52 Long Swordsman
35:56 Hand Cart
36:18 Chain Mail Armor
36:39 Iron Casting
36:38 Horse Collar
38:15 Gold Shaft Mining
42:33 Imperial Age
41:01 Leather Archer Armor
40:41 Bodkin Arrow
41:14 Ballistics
42:55 Two-Handed Swordsman
45:57 Chemistry
45:03 Siege Engineers
Asheqer
10:49 Feudal Age
11:43 Double-Bit Axe
17:12 Castle Age
16:41 Horse Collar
19:33 Loom
29:14 Pikeman
30:26 Heavy Plow
32:38 Bow Saw
35:34 Elite Skirmisher
35:34 Crossbowman
37:46 Elite Skirmisher
37:47 Crossbowman
38:59 Crossbowman
Enishi
2:30 Loom
10:55 Feudal Age
11:27 Double-Bit Axe
13:01 Horse Collar
14:31 Arson
18:46 Castle Age
18:38 Forging
18:30 Scale Mail Armor
20:06 Bow Saw
19:34 Pikeman
20:15 Squires
22:59 Man-at-Arms
25:18 Fletching
26:08 Bodkin Arrow
26:07 Town Watch
26:58 Wheelbarrow
27:03 Elite Skirmisher
27:48 Padded Archer Armor
31:54 Gambesons
33:25 Town Patrol
33:40 Hand Cart
34:02 Iron Casting
35:18 Heavy Plow
36:18 Chain Mail Armor
36:25 Gold Mining
37:39 Leather Archer Armor
37:54 Stone Mining
39:48 Stone Shaft Mining
40:36 Bloodlines
40:40 Scale Barding Armor
44:34 Chain Barding Armor
43:36 Crossbowman
44:42 Ballistics
Connection lost

Rejoining the realm…

Still unreachable

The connection could not be restored.

Session expired

The server has moved on; the page needs a fresh start.